 Dungeon Crawl Stone Soup version 0.28.0-53-g5a82cb258f (webtiles) character file.

Game seed: 17105245906375332562

187 LynnLen the Sneak (level 5, -15/35 HPs)
             Began as a Vampire Enchanter on July 31, 2022.
             Demolished by an ogre
             ... wielding a +0 giant club
              (19 damage)
             ... on level 3 of the Dungeon.
             The game lasted 00:13:11 (3428 turns).

LynnLen the Sneak (Vampire Enchanter)               Turns: 3428, Time: 00:13:12

Health: -15/35     AC:  6    Str:  7    XL:     5   Next: 39%
Magic:  8/8        EV: 12    Int: 17    God:
Gold:   109        SH:  0    Dex: 17    Spells: 3/8 levels left

rFire   . . .      SeeInvis +   a - +1 dagger
rCold   . . .      Faith    .   (no shield)
rNeg    . . .      Spirit   .   d - +0 leather armour
rPois   .          Reflect  .   (no helmet)
rElec   .          Harm     .   (no cloak)
rCorr   .          Rampage  .   e - +1 pair of gloves
Will    .....                   g - +0 pair of boots
Stlth   +++.......              (no amulet)
HPRegen 0.31/turn               (no ring)
MPRegen 0.11/turn               (no ring)

@: mighty, healing quickly
A: alive, fangs 3, see invisible, vampiric 2
a: Exsanguinate


You were on level 3 of the Dungeon.
You visited 1 branch of the dungeon, and saw 4 of its levels.

You collected 175 gold pieces.
You spent 66 gold pieces at shops.

Inventory:

Hand Weapons
 a - a +1 dagger (weapon)
Missiles
 l - 31 stones
Armour
 b - a +0 hat
 d - a +0 leather armour (worn)
 e - a +1 pair of gloves (worn)
 g - a +0 pair of boots (worn)
 i - the +1 robe of a Labyrinth {rPois rC+}
   (You found it on level 2 of the Dungeon)

   rC:        It protects you from cold.
   rPois:     It protects you from poison.
Scrolls
 c - a scroll of enchant armour
 k - a scroll of torment {unknown}
Potions
 f - a potion of attraction


   Skills:
 * Level 4.3 Short Blades
 + Level 3.4 Dodging
 + Level 6.0 Stealth
 - Level 2.0 Spellcasting
 - Level 4.4 Hexes


You had 3 spell levels left.
You knew the following spells:

 Your Spells              Type           Power      Damage    Failure   Level
a - Confusing Touch       Hex            16%        N/A       14%         3
b - Ensorcelled Hibernat  Hex/Ice        18%        N/A       19%         2

Your spell library contained the following spells:

 Spells                   Type           Power      Damage    Failure   Level
 Tukima's Dance           Hex            16%        N/A       14%         3
 Animate Skeleton         Necr           2%         N/A       28%         1
 Apportation              Tloc           2%         N/A       28%         1
 Summon Small Mammal      Summ           4%         N/A       28%         1
 Dazzling Flash           Conj/Hex       18%        N/A       34%         3


Dungeon Overview and Level Annotations

Branches:
Dungeon (4/15)
 Temple: D:4-7

Altars:
Makhleb
Sif Muna

Shops:
D:1 *


Innate Abilities, Weirdness & Mutations

Your natural rate of healing is accelerated.
You have razor-sharp teeth.
You have supernaturally acute eyesight. (SInv)
You are afflicted with vampirism and can become a bat while bloodless.


Message History

The bat barely misses you. The bat hits you but does no damage.
You hit the bat.
You kill the bat!
Found a robe.
l - 31 stones (gained 27)
Found a shimmering blue altar of Sif Muna.
There is a shimmering blue altar of Sif Muna here.
Things that are here:
a +0 dagger; a kobold skeleton
Found a burning altar of Makhleb.
Done exploring.
Done exploring.
The neqoxec shouts!
There is a burning altar of Makhleb here.
Press: ? - help, v - describe, . - travel
Here: an Executioner (asleep, fire blocked by a translucent stone wall)
The floor.
Sorry, I don't know how to get there.
Press: ? - help, v - describe, . - travel
Here: an Executioner (asleep, fire blocked by a translucent stone wall)
The floor.
There is a stone staircase leading down here.
You climb downwards.
The ogre shouts!
There is a stone staircase leading up here.
The ogre hits you with a +0 giant club!!
Ouch! That really hurt!
* * * LOW HITPOINT WARNING * * *
You climb upwards.
There is a stone staircase leading down here.
Okay, then.
It was a potion of might.
You feel very mighty all of a sudden.
It was a potion of magic.
Magic courses through your body. The ogre misses you.
You puncture the ogre!
The ogre is moderately wounded.
The ogre hits you with a +0 giant club!!
Ouch! That really hurt!
You die...

#.#..# #.# #.#.................
#.#..###.###..........##.####.#
#.#............#####..##.######
#.##.#########.# #......)....
#.##.# #.# #.###.######
###.##.#########.# #.# #.#
.................#####.# #.#
###.##.########.O##....# #.#
###>##.# #.@##.#### #.#
##..##.# #..##.# #.# ....##.#
#..##.# #.# ##>.##.##
#.###.######.#
##..#.#.#######............#
.....###........###.########
###.#.#.#######.# #.# #.##.##
#.....# #.# #.#### #.###.# #.#


You could see an ogre.

Vanquished Creatures
  An orc priest (D:3)
  2 orc wizards
  4 adders
  A worm (D:2)
  8 orcs
  5 ball pythons (D:1)
  3 endoplasms
  4 goblins
  5 hobgoblins
  4 jackals (D:1)
  4 quokkas
  8 bats
  3 frilled lizards (D:1)
  6 kobolds
  3 rats
61 creatures vanquished.

Vanquished Creatures (others)
  A bat (D:2)
1 creature vanquished.

Grand Total: 62 creatures vanquished

Notes
Turn   | Place    | Note
-------+----------+-------------------------------------------
     0 | D:1      | LynnLen the Vampire Enchanter began the quest for the Orb.
     0 | D:1      | Reached XP level 1. HP: 13/13 MP: 3/3
   132 | D:1      | Found Kaom's Assorted Antiques.
   231 | D:1      | Reached XP level 2. HP: 17/19 MP: 5/5
   475 | D:1      | Reached skill level 5 in Stealth
  1124 | D:1      | Gained mutation: You are afflicted with vampirism and can
                  | become a bat while bloodless. [Vampire growth]
  1124 | D:1      | Reached XP level 3. HP: 24/24 MP: 6/6
  1128 | D:1      | Learned a level 3 spell: Confusing Touch
  1131 | D:1      | Learned a level 2 spell: Ensorcelled Hibernation
  1344 | D:1      | Bought a scroll labelled COXALO LALEKK for 22 gold pieces
  1344 | D:1      | Bought a scroll labelled CAZIK QYOREO for 22 gold pieces
  1344 | D:1      | Bought a scroll labelled BIQ LOYCOUS for 22 gold pieces
  1714 | D:2      | Identified the +1 robe of a Labyrinth {rPois rC+}
  1961 | D:2      | Reached XP level 4. HP: 28/30 MP: 7/7
  2768 | D:3      | Reached XP level 5. HP: 19/35 MP: 6/8
  2960 | D:3      | Reached skill level 6 in Stealth
  3284 | D:3      | Found a shimmering blue altar of Sif Muna.
  3362 | D:3      | Found a burning altar of Makhleb.
  3362 | D:3      | Noticed an Executioner
  3365 | D:3      | Noticed an orange demon
  3365 | D:3      | Noticed a neqoxec
  3423 | D:4      | Noticed an ogre
  3428 | D:3      | Demolished by an ogre

Illustrated notes

Levels and vault maps discovered:
D:1:      heliophobic_arrival_enchanted_forest, layout_basic, serial_shops,
          nicolae_diamond_shop, hex_intersection
D:2:      layout_rooms
D:3:      layout_loops_ring, makhleb_altar_promises_db, lemuel_crystal_altar
D:4:      layout_loops_corners, kennysheep_generic_room_8, uniq_robin

Skill      XL: |  1  2  3  4  5 |
---------------+----------------+-----
Stealth        | 5 6 |  6.0
Short Blades   | 2 3 4 |  4.3
Dodging        | 3 |  3.4
Spellcasting   | |  2.0
Hexes          | |  4.4

Action                   |  1- 3 |  4- 6 || total
-------------------------+-------+-------++-------
Melee: Dagger            |   163 |   152 ||   315
       Bite              |    12 |    22 ||    34
       Punch             |       |     4 ||     4
 Cast: Ensorcelled Hiber |     2 |     1 ||     3
       Confusing Touch   |     1 |     5 ||     6
  Use: Scroll            |     2 |     4 ||     6
       Potion            |       |     4 ||     4
 Stab: Sleeping          |     8 |       ||     8
       Confused          |     1 |     2 ||     3
       Invisible         |       |     2 ||     2
Armor: Robe              |    53 |    34 ||    87
       Leather armour    |       |    16 ||    16
Dodge: Dodged            |   127 |    79 ||   206
